 Dungeon Crawl Stone Soup version 0.31-a0-818-ge7c7cf74f0 (webtiles) character file.

Game seed: 13180139556340821599

30436 Kurtz the Blocker (level 13, -1/93 HPs)
             Began as an Octopode Fighter on Sept 23, 2023.
             Was a High Priest of Okawaru.
             Slain by a skyshark (12 damage)
             ... on level 4 of the Lair of Beasts.
             The game lasted 00:34:58 (18213 turns).

Kurtz the Blocker (Octopode Fighter)               Turns: 18213, Time: 00:35:00

Health: -1/93      AC:  1    Str: 20    XL:     13   Next: 51%
Magic:  15/15      EV: 20    Int: 16    God:    Okawaru [*****.]
Gold:   941        SH: 13    Dex: 18    Spells: 12/12 levels left

rFire   . . .        o - +11 mace of Tuithret {flame, Str+3}
rCold   . . .        D - +0 kite shield
rNeg    . . .        (helmet restricted)
rPois   .            p - amulet "Dudgho Irau" {Faith Dex+3}
rElec   .            w - ring of wizardry
rCorr   .            F - +6 ring of intelligence
SInv    +            O - ring of see invisible
Will    .....        (no ring)
Stlth   +++          (no ring)
HPRegen 0.35/turn    (no ring)
MPRegen 0.14/turn    (no ring)
                     (no ring)

%: faith, wizardry (x1)
@: no status effects
A: almost no armour, amphibious, 8 rings, camouflage 1, gelatinous body 1,
(nimble swimmer 1), tentacles
a: Renounce Religion, Heroism, Finesse, Duel


You were on level 4 of the Lair of Beasts.
You worshipped Okawaru.
Okawaru was extremely pleased with you.
You visited 3 branches of the dungeon, and saw 17 of its levels.

You collected 941 gold pieces.

Inventory:

Hand Weapons
 a - a +0 war axe
 o - the +11 mace of Tuithret (weapon) {flame, Str+3}
   (You found it on level 2 of the Dungeon)

   Str+3:     It affects your strength (+3).
 x - the +11 long sword "Piqer" {elec, Int+2}
   (You found it on level 5 of the Dungeon)

   Int+2:     It affects your intelligence (+2).
Missiles
 l - 10 javelins
 u - 39 poisoned darts
 z - 2 silver javelins
 B - 11 curare-tipped darts
 K - 5 atropa-tipped darts
Armour
 D - a +0 kite shield (worn)
Jewellery
 g - an amulet of regeneration
 p - the amulet "Dudgho Irau" (around mantle) {Faith Dex+3}
   (You found it on level 4 of the Lair of Beasts)

   [amulet of faith]

   Faith:     It allows you to gain divine favour quickly.
   Dex+3:     It affects your dexterity (+3).
 v - an amulet of reflection
 w - a ring of wizardry (left tentacle)
 F - a +6 ring of intelligence (right tentacle)
 O - a ring of see invisible (on tentacle)
Wands
 b - a wand of roots (10)
 t - a wand of digging (4)
 H - a wand of light (6)
 I - a wand of flame (8)
Scrolls
 d - 6 scrolls of teleportation
 h - 2 scrolls of revelation
 k - 2 scrolls of amnesia {unknown}
 m - 2 scrolls of fog
 q - 4 scrolls of vulnerability
 r - 2 scrolls of noise
 s - 2 scrolls of enchant weapon
 y - 3 scrolls of silence
 G - 2 scrolls of enchant armour {unknown}
 L - 2 scrolls of blinking {unknown}
 P - a scroll of brand weapon {unknown}
Potions
 c - 5 potions of might
 e - 2 potions of cancellation
 f - 2 potions of mutation
 i - a potion of magic
 j - 7 potions of brilliance
 n - a potion of berserk rage {unknown}
 A - a potion of heal wounds
 E - a potion of ambrosia
 J - 2 potions of enlightenment
 N - 2 potions of lignification
 Q - a potion of curing


   Skills:
 * Level 10.7 Fighting
 * Level 11.8 Axes
 * Level 11.9 Dodging
 * Level 12.3 Shields
 - Level 3.7 Invocations


You had 12 spell levels left.
You didn't know any spells.
Your spell library contained the following spells:

 Spells                   Type           Power      Damage    Failure   Level
 Slow                     Hex            0%         N/A       17%         1
 Cigotuvi's Dreadful Rot  Necr/Pois/Air  0%         N/A       26%         2
 Lesser Beckoning         Tloc           0%         N/A       26%         2
 Wereblood                Tmut           0%         N/A       26%         2
 Confusing Touch          Hex            0%         N/A       45%         3
 Gell's Gravitas          Tloc           0%         N/A       45%         3
 Inner Flame              Hex/Fire       0%         N/A       45%         3
 Ozocubu's Armour         Ice            0%         N/A       45%         3
 Sigil of Binding         Hex            0%         N/A       45%         3
 Teleport Other           Tloc           0%         N/A       45%         3
 Vampiric Draining        Necr           0%         2d6       45%         3
 Dispel Undead            Necr           0%         3d6       83%         4
 Flame Wave               Conj/Fire      0%         2d4       83%         4
 Sticky Flame             Conj/Fire      0%         2d3       83%         4
 Irradiate                Conj/Tmut      0%         3d11      99%         5
 Metabolic Englaciation   Hex/Ice        0%         N/A       99%         5
 Death Channel            Necr           Unusable   N/A       N/A         6
 Simulacrum               Ice/Necr       Unusable   N/A       N/A         6

Dungeon Overview and Level Annotations

Branches:
Dungeon (12/15)            Temple (1/1) D:5            Lair (4/5) D:8
  Swamp (0/4) Lair:3        Snake (0/4) Lair:2        Slime (0/5) Lair:4
    Orc (0/2) D:12

Altars:
Ashenzari
Cheibriados
Dithmenos
Elyvilon
Fedhas
Gozag
Hepliaklqana
Kikubaaqudgha
Makhleb
Nemelex Xobeh
Okawaru
Qazlal
Ru
Sif Muna
Trog
Uskayaw
Vehumet
Wu Jian
Xom
Yredelemnul
Zin
The Shining One

Annotations:
D:8 Gastronok
D:10 exclusions: hellwing, quasit, rust devil, soul eater, ynoxinul and 1 more exclusion
D:12 exclusion: gargoyle
Lair:3 2 transporters


Innate Abilities, Weirdness & Mutations

You cannot wear most types of armour.
You are amphibious.
You can wear up to eight rings at the same time.
Your skin changes colour to match your surroundings (Stealth+).
Your rubbery body absorbs attacks. (AC +1, EV +1)
((You are camouflaged when in or above water. (Stealth+)))
You have tentacles for arms and can constrict up to eight enemies at once.


Message History

The blink frog blinks!
The blink frog blinks!
You hit the blink frog. You burn the blink frog.
You kill the blink frog!
Okawaru accepts your kill. You block the blink frog's attack.
You bludgeon the blink frog!! You burn the blink frog.
You kill the blink frog!
Okawaru accepts your kill.
Throw: throwing net
Press: ? - help, Q - select action, (/) - cycle Shift-Dir - straight line, f - skyshark
Aim: a skyshark (71% to hit)
You throw a throwing net. The throwing net hits the skyshark.
The skyshark is caught in the net!
The skyshark struggles against the net. x2
The skyshark struggles against the net.
You bludgeon the skyshark!! You burn the skyshark.
The skyshark is moderately wounded.
The skyshark struggles against the net. x2
You strike the helpless skyshark from behind!
You sock the skyshark! You burn the skyshark. You squeeze the skyshark!
The skyshark is heavily wounded.
The skyshark struggles against the net.
The net rips apart, and the skyshark comes free!
You barely miss the skyshark.
The skyshark is heavily wounded.
The skyshark closely misses you. You block the skyshark's attack.
The skyshark misses you.
You sock the skyshark! You burn the skyshark.
The skyshark is severely wounded.
The skyshark bites you.
The skyshark tastes blood and grows stronger!
You block the skyshark's attack. The skyshark tail-slaps you!
You hit the skyshark. You burn the skyshark. You squeeze the skyshark.
The skyshark is almost dead.
The skyshark bites you!
The skyshark enters a blood-rage!
You block the skyshark's attack. x2; The skyshark bites you!!
* * * LOW HITPOINT WARNING * * *
The skyshark misses you. The skyshark tail-slaps you!
You die...

*** ####.P......
*,******
###.#.........
,,,,,,,*****
###.............
,,,,,,,,,,,**
#...............
,,,,,,,,,,,,*
##$#.#..........
,,,,,,,,,,***
##.####.........
,,,,,,,,,,* ##*#.##
#.#........
,,,,,,,,,** #.##.#
#####......
,,,,,,,,,* ***#l@..#*
##.....
,,,,,,,,***#....†...#
#....(
,,,,,**,,#....#(##..#
####.P
,,,,***,,...#*##*#..#
### **,,,,,,*#.,*
#..#* **,,,,***.,,**
###.** *
***,,,,,,,,,,**
*,..*** *
,,,,,,,,,,,,,,*
**..#,* *
,,,,,,,<,,,,,**
**,,** **


You could see a skyshark (berserk).

Vanquished Creatures
  A two-headed ogre (D:9)
  An ugly thing (D:11)
  2 black mambas
  4 elephants (Lair:4)
  6 cane toads
  4 rime drakes (Lair:4)
  3 unseen horrors
  2 kobold demonologists (D:9)
  2 komodo dragons
  2 trolls
  Prince Ribbit (D:7)
  2 hornets
  7 dream sheep (Lair:3)
  12 blink frogs
  A shadow (D:10)
  3 wraiths
  4 wyverns
  38 yaks
  A basilisk (Lair:1)
  3 steam dragons
  3 wargs
  3 nagas (Lair:2)
  15 water moccasins
  2 acid dragons (D:9)
  4 ice beasts
  A sky beast (D:8)
  9 orc warriors
  4 black bears
  5 ogres (D:6)
  13 wolves
  2 centaurs (D:9)
  2 phantoms
  5 kobold brigands
  14 bullfrogs
  5 scorpions
  A gnoll sergeant (D:6)
  8 wights
  25 killer bees
  5 electric eels (Lair:3)
  6 howler monkeys
  18 hounds
  2 jellies
  12 orc priests
  5 gnoll boudas
  Jessica (D:3)
  3 iguanas
  12 orc wizards
  13 gnolls
  12 adders
  2 shadow imps
  A white imp (D:5)
  5 ufetubi
  4 worms
  45 orcs
  8 ball pythons
  4 bats
  6 endoplasms
  7 giant cockroaches
  11 goblins
  10 hobgoblins
  7 jackals
  16 kobolds
  5 quokkas
  3 frilled lizards
  29 rats
472 creatures vanquished.

Notes
Turn   | Place    | Note
-------+----------+-------------------------------------------
     0 | D:1      | Kurtz the Octopode Fighter began the quest for the Orb.
     0 | D:1      | Reached XP level 1. HP: 16/16 MP: 1/1
    95 | D:1      | Reached XP level 2. HP: 21/21 MP: 2/2
   538 | D:1      | Reached XP level 3. HP: 26/26 MP: 3/3
   940 | D:2      | Identified the +11 mace of Tuithret {flame, Str+3}
  1101 | D:2      | Reached XP level 4. HP: 23/31 MP: 4/4
  1736 | D:3      | Reached XP level 5. HP: 36/36 MP: 5/5
  1814 | D:3      | You fall into a shaft and drop 2 floors!
  1814 | D:5      | Entered Level 5 of the Dungeon
  1822 | D:5      | Reached skill level 5 in Axes
  1976 | D:4      | Reached XP level 6. HP: 42/42 MP: 6/6
  2987 | D:3      | Reached XP level 7. HP: 39/46 MP: 7/7
  3270 | D:3      | Noticed Jessica
  3277 | D:3      | Killed Jessica
  3718 | D:5      | Reached skill level 5 in Dodging
  3906 | D:5      | Found a staircase to the Ecumenical Temple.
  3919 | Temple   | Entered the Ecumenical Temple
  3935 | Temple   | Became a worshipper of Warmaster Okawaru
  3964 | D:5      | Identified the +11 long sword "Piqer" {elec, Int+2}
  4075 | D:5      | Found a radiant altar of Vehumet.
  4436 | D:6      | Reached skill level 1 in Invocations
  4436 | D:6      | Reached XP level 8. HP: 52/52 MP: 8/8
  4450 | D:6      | Reached * piety under Okawaru
  4821 | D:6      | Reached ** piety under Okawaru
  4909 | D:6      | Reached XP level 9. HP: 56/56 MP: 10/10
  4982 | D:6      | Noticed a troll
  5071 | D:6      | Killed a troll
  5437 | D:6      | Reached *** piety under Okawaru
  5459 | D:6      | Noticed a hornet
  5467 | D:6      | Killed a hornet
  5613 | D:6      | Reached skill level 10 in Axes
  5724 | D:6      | Reached XP level 10. HP: 40/63 MP: 12/12
  6004 | D:6      | Reached skill level 4 in Shields
  6539 | D:7      | Reached skill level 5 in Shields
  6744 | D:7      | Reached **** piety under Okawaru
  6745 | D:7      | Reached skill level 5 in Fighting
  7418 | D:8      | Noticed Gastronok
  7458 | D:8      | Reached skill level 6 in Shields
  7559 | D:8      | Noticed Prince Ribbit
  7799 | D:7      | Killed Prince Ribbit
  8290 | D:8      | Killed an unseen horror
  8290 | D:8      | Reached ***** piety under Okawaru
  8291 | D:8      | Reached skill level 7 in Shields
  8428 | D:8      | Reached XP level 11. HP: 72/72 MP: 10/13
  8759 | D:8      | Found a staircase to the Lair.
  8771 | D:8      | Reached skill level 8 in Shields
  9153 | D:9      | Noticed a two-headed ogre
  9171 | D:9      | Killed a two-headed ogre
  9922 | D:9      | Received a gift from Okawaru
  9923 | D:9      | Reached skill level 9 in Shields
 10403 | D:10     | Entered Level 10 of the Dungeon
 10417 | D:10     | Noticed a sun demon
 11501 | D:10     | Noticed a soul eater
 12132 | D:10     | Reached skill level 10 in Shields
 12283 | D:11     | Reached XP level 12. HP: 64/82 MP: 14/14
 12528 | D:11     | Reached skill level 10 in Dodging
 12898 | D:12     | Found a staircase to the Orcish Mines.
 12918 | D:12     | Noticed a two-headed ogre
 13096 | D:12     | Found a white marble altar of Elyvilon.
 13310 | Lair:1   | Entered Level 1 of the Lair of Beasts
 13325 | Lair:1   | Received a gift from Okawaru
 14404 | Lair:2   | Reached skill level 11 in Shields
 14504 | Lair:2   | Received a gift from Okawaru
 14579 | Lair:2   | Identified the +3 halberd of Genoogao {drain, rC+}
 14974 | Lair:2   | Found a staircase to the Snake Pit.
 15367 | Lair:3   | Found a staircase to the Swamp.
 15556 | Lair:3   | Found a transporter.
 15563 | Lair:3   | Reached XP level 13. HP: 92/92 MP: 15/15
 15594 | Lair:3   | You fall into a shaft and drop 1 floor!
 15616 | Lair:4   | Received a gift from Okawaru
 15617 | Lair:4   | Reached skill level 10 in Fighting
 16522 | Lair:3   | Found a transporter.
 16762 | Lair:3   | Reached skill level 12 in Shields
 17471 | Lair:4   | Identified the amulet "Dudgho Irau" {Faith Dex+3}
 17618 | Lair:4   | Received a gift from Okawaru
 18213 | Lair:4   | Slain by a skyshark

Illustrated notes

Levels and vault maps discovered:
D:1:      ncdulo_watergridlock, layout_rooms
D:2:      layout_basic
D:3:      minmay_bubble_buster, layout_loops_ring, minmay_rat_hole, uniq_jessica
D:4:      layout_loops_ring
D:5:      layout_basic, vehumet_altar_wand_db, minmay_temple_entry_purple_smoke,
          minmay_hedge_maze
D:6:      lemuel_castle_with_subvaults [lemuel_castle_interior_carwin_2],
          layout_cave_pools, serial_column_ruins, column_ruins_columns_corner,
          column_ruins_grid_1, column_ruins_corridor_straight,
          column_ruins_open_tiny
D:7:      layout_cave_pools, hangedman_minor_gate_pass
D:8:      layout_loops_ring, erik_lair_orcish_takeover,
          minmay_chambers_of_fives, uniq_gastronok, uniq_prince_ribbit1
D:9:      layout_loops_ring, kennysheep_small_square
D:10:     layout_loops_corners, serial_demonic, serial_demonic_d,
          serial_demonic_g, serial_demonic_d, serial_demonic_d
D:11:     layout_irregular_city
D:12:     layout_layer_cave, minmay_orc_entry_temple_small, elyvilon_altar_4,
          uniq_jorgrun
Temple:   mainiacjoe_temple_hex_bubbles
Lair:1:   layout_misc_corridors, lemuel_fruit_tree
Lair:2:   layout_chaotic_city, nicolae_snake_entry_squirm, beast_lair_carwin_8,
          grunt_megastairs_5
Lair:3:   gammafunk_worm_tunnel, layout_concentric_octagons,
          minmay_swamp_entry_eels, serial_bayou_lake_a, serial_bayou_shore_b
Lair:4:   layout_cave_pods, minmay_slime_entry_oklob_enclosed,
          minmay_lair_drake_nest

Skill      XL: |  1  2  3  4  5  6  7  8  9 10 11 12 13 |
---------------+----------------------------------------+-----
Axes           | 3 4 5 6 7 8 10 11 | 11.8
Dodging        | 4 5 7 9 11 | 11.9
Invocations    | 1 2 3 |  3.7
Shields        | 7 10 11 12 | 12.3
Fighting       | 6 8 9 10 | 10.7

Action                     |  1- 3 |  4- 6 |  7- 9 | 10-12 | 13-15 || total
---------------------------+-------+-------+-------+-------+-------++-------
  Melee: War axe           |    51 |       |       |       |       ||    51
         Tentacles         |     9 |     8 |    27 |   121 |    42 ||   207
         Constrict         |    10 |    19 |    29 |    96 |    14 ||   168
         Mace              |    14 |   105 |   153 |   556 |   157 ||   985
         Punch             |       |     2 |     6 |     5 |     8 ||    21
         Long sword        |       |       |    11 |       |       ||    11
  Throw: Dart              |       |       |     4 |    62 |       ||    66
         Javelin           |       |       |       |    19 |     7 ||    26
         Throwing net      |       |       |       |     1 |     1 ||     2
 Invoke: Heroism           |       |       |     1 |     3 |     2 ||     6
         Finesse           |       |       |       |     1 |     1 ||     2
  Evoke: Wand              |       |       |    24 |    10 |     3 ||    37
    Use: Potion            |       |     2 |       |    10 |       ||    12
         Scroll            |       |       |       |    12 |     8 ||    20
   Stab: Sleeping          |     8 |    10 |     4 |     5 |       ||    27
         Invisible         |       |       |       |     1 |       ||     1
         Held in net/web   |       |       |       |       |     1 ||     1
 Armour: Skin              |    29 |    54 |    56 |   236 |    57 ||   432
  Dodge: Dodged            |    30 |    66 |    85 |   275 |    65 ||   521
  Block: Buckler           |    10 |    27 |    71 |    21 |       ||   129
         Reflection        |       |       |     2 |    12 |       ||    14
         Kite shield       |       |       |       |   342 |    78 ||   420

Table legend: (Time is in decaauts)
 A = Elapsed time spent in this place.
 B = Non-inter-level travel time spent in this place.
 C = Inter-level travel time spent in this place.
 D = Time resting spent in this place.
 E = Time spent auto-exploring this place.
 F = Levels seen in this place.
 G = Mean time per level.
                   A        B        C        D        E       F      G
               +--------+--------+--------+--------+--------+-----+--------+
         Total |  18455 |  17448 |   1007 |   5226 |   7913 |  17 | 1085.6 |
       Dungeon |  13462 |  12670 |    792 |   3495 |   6116 |  12 | 1121.8 |
        Temple |     30 |      1 |     29 |      0 |      0 |   1 |   30.0 |
          Lair |   4962 |   4776 |    186 |   1730 |   1797 |   4 | 1240.5 |
               +--------+--------+--------+--------+--------+-----+--------+

Top non-repeatable levels by time:
     D:6: 1985 daAuts
  Lair:4: 1620 daAuts
    D:10: 1616 daAuts
     D:7: 1549 daAuts
     D:9: 1407 daAuts
  Lair:3: 1248 daAuts
     D:3: 1088 daAuts
     D:8: 1079 daAuts
  Lair:2: 1065 daAuts
  Lair:1: 1027 daAuts
     D:4: 1022 daAuts
    D:11: 857 daAuts
     D:5: 850 daAuts
     D:1: 839 daAuts
     D:2: 771 daAuts
